 Dungeon Crawl Stone Soup version 0.29.1-15-g9cfb28693d (webtiles) character file.

Game seed: 5752389443322025586

28 javelincjr the Magician (level 2, 0/21 HPs)
             Began as a Demonspawn Hedge Wizard on Apr 6, 2023.
             Was a Plaything of Xom.
             Succumbed to an adder's poison
             ... on level 2 of the Dungeon.
             The game lasted 00:03:31 (1270 turns).

javelincjr the Magician (Demonspawn Hedge Wizard)   Turns: 1270, Time: 00:03:32

Health: 0/21       AC:  2    Str: 10    XL:     2   Next: 96%
Magic:  0/6        EV: 12    Int: 15    God:    Xom [..*...]
Gold:   75         SH:  0    Dex: 12    Spells: 2/7 levels left

rFire   + . .      SeeInvis .   a - +0 dagger
rCold   . . .      Faith    .   (no shield)
rNeg    . . .      Spirit   +   b - +0 robe
rPois   .          Reflect  .   c - +0 hat
rElec   .          Harm     .   (no cloak)
rCorr   .          Rampage  .   (no gloves)
Will    .....                   (no boots)
Stlth   ++........              l - amulet of guardian spirit
HPRegen 0.07/turn               k - ring of protection from fire
MPRegen 0.10/turn               (no ring)

@: lethally poisoned (0 -> -7)
A: demonic touch 1
a: Renounce Religion


You were on level 2 of the Dungeon.
You worshipped Xom.
You were a toy of Xom.
You visited 1 branch of the dungeon, and saw 2 of its levels.

You collected 75 gold pieces.

Inventory:

Hand Weapons
 a - a +0 dagger (weapon)
Armour
 b - a +0 robe (worn)
 c - a +0 hat (worn)
Jewellery
 k - a ring of protection from fire (left hand)
 l - an amulet of guardian spirit (around neck)
Scrolls
 e - a scroll of blinking {unknown}
 h - a scroll of amnesia {unknown}
 i - a scroll of fear {unknown}
 j - a scroll of teleportation {unknown}
Potions
 d - a potion of magic
 f - a potion of attraction {unknown}
 g - a potion of curing {unknown}


   Skills:
 * Level 1.0 Fighting
 + Level 0.4 Armour
 + Level 1.9 Dodging
 - Level 1.8 Stealth
 * Level 3.1 Spellcasting
 + Level 1.4 Conjurations
 + Level 1.3 Summonings
 + Level 1.1 Translocations


You had 2 spell levels left.
You knew the following spells:

 Your Spells              Type           Power      Damage    Failure   Level
a - Magic Dart            Conj           24%        1d4       11%         1
b - Blink                 Tloc           10%        N/A       19%         2
c - Call Imp              Summ           6%         N/A       17%         2

Your spell library contained the following spells:

 Spells                   Type           Power      Damage    Failure   Level
 Summon Small Mammal      Summ           24%        N/A       12%         1
 Slow                     Hex            8%         N/A       21%         1
 Call Canine Familiar     Summ           6%         N/A       34%         3
 Conjure Flame            Conj/Fire      4%         6-21      41%         3
 Summon Guardian Golem    Hex/Summ       4%         N/A       41%         3
 Mephitic Cloud           Conj/Pois/Air  3%         N/A       43%         3


Dungeon Overview and Level Annotations

Branches:
Dungeon (2/15)

Altars:
Xom


Innate Abilities, Weirdness & Mutations

Your touch may inflict minor irresistible damage on your foes.


Message History

You are too injured to fight recklessly!
You are too injured to fight recklessly!
You are too injured to fight recklessly!
You are too injured to fight recklessly!
You are too injured to fight recklessly!
You are too injured to fight recklessly!
You are too injured to fight recklessly!
You are too injured to fight recklessly!
You are too injured to fight recklessly!
You are too injured to fight recklessly!
You are too injured to fight recklessly!
Casting: Magic Dart (safe; 11% risk of failure)
Confirm with . or Enter, or press ? or * to list all spells.
Aiming: Magic Dart (safe; 11% risk of failure)
Press: ? - help, Shift-Dir - straight line, f - adder
Aim: an adder (lightly wounded, 100% to hit)
The magic dart hits the adder.
The adder is heavily wounded.
* * * LOW HITPOINT WARNING * * *
You feel sick. The adder closely misses you. The adder completely misses you.
Casting: Magic Dart (safe; 11% risk of failure)
Confirm with . or Enter, or press ? or * to list all spells.
Aiming: Magic Dart (safe; 11% risk of failure)
Press: ? - help, Shift-Dir - straight line, f/p - adder
Aim: an adder (heavily wounded, 100% to hit)
The magic dart hits the adder.
The adder is almost dead.
* * * LOW HITPOINT WARNING * * *
You feel sick. The adder bites you.
* * * LOW HITPOINT WARNING * * *
Casting: Magic Dart (safe; 11% risk of failure)
Confirm with . or Enter, or press ? or * to list all spells.
You don't have enough magic to cast this spell.
Unknown command.
You are too injured to fight recklessly!
You are too injured to fight recklessly!
You closely miss the adder.
The adder is almost dead.
You die...
Xom chuckles heartily!

#############
#####...........#
#~..~..†~~~~~~.~#
#.#~#~.~~~.~###.#
#~#8~#######~8~~#######
#~~~.~.~_~~~.~#~.......
#~~~#~.~.~.~###@.......
#~.~#~~~....#..S......[
###.#~~.~~~.#..#.......
##~##~~~~~~~..........
#..~#~'''#~~.##..#####
#.#.~~....~..# .##
#.<#.####....# .#
#.##.# ####>.... #.##.#
###


You could see an adder.

Vanquished Creatures
  A gnoll (D:1)
  A worm (D:2)
  4 endoplasms (D:1)
  A giant cockroach (D:1)
  2 hobgoblins (D:1)
  2 ball pythons
  A bat (D:1)
  A frilled lizard (D:1)
  A kobold (D:1)
  A rat (D:1)
  A spectral hobgoblin (D:2)
16 creatures vanquished.

Vanquished Creatures (others)
  3 plants (D:1)
3 creatures vanquished.

Grand Total: 19 creatures vanquished

Notes
Turn   | Place    | Note
-------+----------+-------------------------------------------
     0 | D:1      | javelincjr the Demonspawn Hedge Wizard began the quest for
                  | the Orb.
     0 | D:1      | Reached XP level 1. HP: 13/13 MP: 4/4
   130 | D:1      | Reached skill level 1 in Translocations
   505 | D:1      | Discovered your monstrous ancestry.
   505 | D:1      | Gained mutation: Your touch may inflict minor irresistible
                  | damage on your foes. [demonic ancestry]
   505 | D:1      | Reached XP level 2. HP: 20/20 MP: 0/6
   508 | D:1      | Learned a level 2 spell: Blink
   511 | D:1      | Learned a level 2 spell: Call Imp
  1135 | D:2      | Found a faded altar of an unknown god.
  1153 | D:2      | Prayed at the altar of an unknown god.
  1153 | D:2      | Became a worshipper of Xom of Chaos
  1205 | D:2      | Reached skill level 1 in Fighting
  1269 | D:2      | HP: 1/21 [adder (2)]
  1270 | D:2      | Succumbed to an adder's poison

Illustrated notes

Levels and vault maps discovered:
D:1:      eino_arrival_druids_welcome, layout_rooms
D:2:      layout_basic, dreamdust_ecumenical_altar_drowned_temple

Skill      XL: |  1  2 |
---------------+-------+-----
Translocations | 1 |  1.1
Fighting       | 1 |  1.0
Armour         | |  0.4
Dodging        | |  1.9
Stealth        | |  1.8
Spellcasting   | |  3.1
Conjurations   | |  1.4
Summonings     | |  1.3

Action                   || total
-------------------------++-------
Melee: Dagger            ||    39
       Touch             ||     4
 Cast: Magic Dart        ||    34
       Call Imp          ||     1
Armor: Robe              ||     3
Dodge: Dodged            ||    23
